 Dungeon Crawl Stone Soup version 0.28-a0-1567-g1695149f81 (webtiles) character file.

Game seed: 7798198944194929559

1069 southernslant the Skirmisher (level 8, -14/60 HPs)
             Began as a Demonspawn Fighter on Jan 20, 2022.
             Was an Initiate of Makhleb.
             Demolished by an ogre (20 damage)
             ... on level 6 of the Dungeon.
             The game lasted 00:14:47 (6036 turns).

southernslant the Skirmisher (Demonspawn Fighter)   Turns: 6036, Time: 00:14:47

Health: -14/60     AC: 12    Str: 20    XL:     8   Next: 7%
Magic:  10/10      EV: 12    Int: 17    God:    Makhleb [......]
Gold:   263        SH:  0    Dex: 12    Spells: 7/7 levels left

rFire   . . .      SeeInvis .   r - +3 quarterstaff (chaos)
rCold   + . .      Faith    .   (shield currently unavailable)
rNeg    . . .      Spirit   .   z - +0 ring mail "Uprugg" {Rampage *Corrode rC+ Int+2}
rPois   .          Reflect  .   (no helmet)
rElec   .          Harm     .   v - +0 cloak
rCorr   .          Rampage  +   s - +0 pair of gloves
Will    .....                   l - +1 pair of boots
Stlth   +.........              (no amulet)
HPRegen 0.20/turn               F - +6 ring of intelligence
MPRegen 0.12/turn               (no ring)

@: mighty
A: claws 1, slimy green scales 1, ignite blood 1, demonic magic 1
a: Renounce Religion


You were on level 6 of the Dungeon.
You worshipped Makhleb.
Makhleb was noncommittal.
You visited 1 branch of the dungeon, and saw 6 of its levels.

You collected 263 gold pieces.

Inventory:

Hand Weapons
 a - a +0 trident
 j - a +2 dagger of speed
 r - a +3 quarterstaff of chaos (weapon)
 x - a +1 short sword of freezing
Missiles
 b - a boomerang
 f - 215 stones
 H - 5 poisoned darts (quivered)
Armour
 c - a +0 buckler
 l - a +1 pair of boots (worn)
 s - a +0 pair of gloves (worn)
 v - a +0 cloak (worn)
 z - the +0 ring mail "Uprugg" (worn) {Rampage *Corrode rC+ Int+2}
   (You found it on level 3 of the Dungeon)

   Int:       It affects your intelligence (+2).
   rC:        It protects you from cold.
   *Corrode:  It may corrode you when you take damage.
   Rampage:   It bestows one free step when moving towards enemies.
Magical Staves
 A - a staff of fire
Jewellery
 F - a +6 ring of intelligence (left hand)
 I - a +4 ring of evasion
 J - a +4 ring of evasion
Scrolls
 i - a scroll of immolation {unknown}
 k - 2 scrolls of silence {unknown}
 m - 2 scrolls of teleportation {unknown}
 n - a scroll of amnesia {unknown}
 p - 2 scrolls of vulnerability {unknown}
 q - 2 scrolls of identify {unknown}
 t - a scroll of brand weapon {unknown}
 u - a scroll of torment {unknown}
 y - a scroll of enchant armour {unknown}
 B - 2 scrolls of fear {unknown}
 G - 2 scrolls of magic mapping {unknown}
Potions
 d - a potion of might
 e - 5 potions of curing {unknown}
 g - 3 potions of flight {unknown}
 h - 4 potions of magic {unknown}
 o - 2 potions of brilliance {unknown}
 w - 3 potions of haste {unknown}
 C - a potion of lignification {unknown}
 D - a potion of attraction {unknown}
 E - a potion of resistance {unknown}


   Skills:
 * Level 4.2 Fighting
 - Level 1.5 Short Blades
 - Level 2.3(3.4) Polearms
 * Level 3.7(4.1) Staves
 + Level 2.7 Throwing
 + Level 3.4 Armour
 - Level 3.5 Dodging
 - Level 0.9 Stealth
 + Level 3.4 Shields
 * Level 3.2 Invocations
 + Level 1.5 Evocations


You had 7 spell levels left.
You didn't know any spells.
Your spell library contained the following spells:

 Spells                   Type           Power      Damage    Failure   Level
 Ensorcelled Hibernation  Hex/Ice        0%         N/A       50%         2
 Passwall                 Tmut/Erth      0%         N/A       50%         2
 Call Canine Familiar     Summ           0%         N/A       75%         3
 Inner Flame              Hex/Fire       0%         N/A       75%         3
 Portal Projectile        Hex/Tloc       0%         N/A       75%         3
 Summon Guardian Golem    Hex/Summ       0%         N/A       75%         3
 Swiftness                Air            0%         N/A       75%         3
 Cause Fear               Hex            0%         N/A       98%         4
 Leda's Liquefaction      Hex/Erth       0%         N/A       98%         4
 Orb of Destruction       Conj           0%         9d5       100%        7
 Spellforged Servitor     Conj/Summ      0%         N/A       100%        7
 Discord                  Hex            0%         N/A       100%        8


Dungeon Overview and Level Annotations

Branches:
Dungeon (6/15)             Temple (0/1) D:6

Altars:
Ashenzari
Gozag
Makhleb
Uskayaw


Innate Abilities, Weirdness & Mutations

You have sharp fingernails.
You are partially covered in slimy green scales. (AC +2)
Your demonic aura sometimes causes spilled blood to erupt in flames.
Spells you cast may paralyse adjacent enemies.


Message History

You sock something! Makhleb accepts your kill.
Reactivating autopickup.
You feel a bit more experienced.
The orc priest invokes the aid of Beogh against you.
Beogh smites you!
You completely miss the ogre. The ogre misses you.
The orc priest hits you but does no damage.
You hit the ogre.
The ogre is poisoned.
The ogre is moderately wounded.
The ogre barely misses you.
The orc priest hits you but does no damage.
You closely miss the orc priest.
The orc priest invokes the aid of Beogh against you.
Pain shoots through your body! The ogre hits you with a +0 giant club!
You barely miss the orc priest. The orc priest hits you with a +0 club.
You hit the orc priest. You drain the orc priest.
The orc priest is moderately wounded.
The ogre closely misses you.
The orc priest hits you but does no damage.
You barely miss the orc priest.
The orc priest is moderately wounded.
The ogre hits you but does no damage. The orc priest closely misses you.
You hit the orc priest but do no damage.
The orc priest is moderately wounded.
The orc priest hits you but does no damage.
The ogre hits you with a +0 giant club!
* * * LOW HITPOINT WARNING * * *
You feel very mighty all of a sudden. The orc priest closely misses you.
The ogre misses you.
You sock the orc priest!
The orc priest seems to grow stronger.
The orc priest is almost dead.
The orc priest closely misses you. The ogre barely misses you.
You sock the orc priest!
You kill the orc priest!
Makhleb accepts your kill.
You sock the ogre!
The ogre is severely wounded.
The ogre hits you with a +0 giant club!!
You die...

##. #.# #.# # .. #.# #.#
# ##. #######.#####.## #
.. ................ # ##
#######..####.#######
########...# #........ .
.........#.## .#######
##
#.########.#..##.#######
.....ho@O...............
#.########.##..#.#######
......... .... #.###.#.#
###. #.# # ## #.# #O# #
.# #


You could see an ogre (very poisoned), a hound and an orc.

Vanquished Creatures
  Prince Ribbit (D:6)
  A centaur (D:3)
  2 scorpions (D:5)
  A water moccasin skeleton (D:5)
  A howler monkey (D:6)
  2 bullfrog zombies (D:5)
  A hound (D:4)
  A jelly (D:5)
  An orc priest (D:6)
  Crazy Yiuf (D:2)
  2 bullfrog skeletons
  An iguana (D:4)
  Terence (D:2)
  4 orc wizards
  Ijyb (D:4)
  A hound skeleton (D:4)
  3 gnolls (D:4)
  6 adders
  An ufetubus (D:6)
  4 worms
  The ghost of murtidash the Sneak, a weakling HODe (D:5)
  3 dart slugs (D:1)
  6 orcs
  2 bats
  6 endoplasms
  3 giant cockroaches
  9 goblins
  3 hobgoblins
  5 jackals
  4 quokkas
  4 ball pythons
  2 frilled lizards (D:1)
  8 kobolds
  4 rats
96 creatures vanquished.

Notes
Turn   | Place    | Note
-------+----------+-------------------------------------------
     0 | D:1      | southernslant the Demonspawn Fighter began the quest for
                  | the Orb.
     0 | D:1      | Reached XP level 1. HP: 18/18 MP: 1/1
   188 | D:1      | Gained mutation: You have sharp fingernails. [demonic
                  | ancestry]
   188 | D:1      | Reached XP level 2. HP: 19/24 MP: 2/2
   371 | D:1      | Found a faded altar of an unknown god.
  1015 | D:1      | Reached XP level 3. HP: 29/29 MP: 3/3
  1645 | D:2      | Found a broken altar of Ashenzari.
  1832 | D:2      | Reached skill level 1 in Dodging
  1849 | D:2      | Noticed Terence
  1879 | D:2      | Killed Terence
  1880 | D:2      | Reached skill level 1 in Short Blades
  1880 | D:2      | Reached XP level 4. HP: 19/35 MP: 4/4
  2236 | D:2      | Found a runed translucent door.
  2237 | D:2      | Noticed Crazy Yiuf
  2326 | D:2      | Killed Crazy Yiuf
  2664 | D:3      | Gained mutation: Spells you cast may paralyse adjacent
                  | enemies. [demonic ancestry]
  2664 | D:3      | Reached XP level 5. HP: 30/41 MP: 5/5
  2865 | D:3      | Noticed a centaur
  2876 | D:3      | Killed a centaur
  2877 | D:3      | Reached skill level 1 in Staves
  2877 | D:3      | Reached skill level 1 in Throwing
  3046 | D:3      | Identified the +0 ring mail "Uprugg" {Rampage *Corrode rC+
                  | Int+2}
  3251 | D:3      | Found a hide-covered altar of Uskayaw.
  3631 | D:4      | Gained mutation: You are partially covered in slimy green
                  | scales. (AC +2) [demonic ancestry]
  3631 | D:4      | Reached XP level 6. HP: 34/47 MP: 6/6
  4132 | D:4      | Noticed Ijyb
  4151 | D:4      | Killed Ijyb
  4501 | D:5      | Entered Level 5 of the Dungeon
  4521 | D:5      | Found a runed translucent door.
  4523 | D:5      | Noticed murtidash's ghost (weakling HODe)
  4711 | D:5      | Found a burning altar of Makhleb.
  4720 | D:5      | Became a worshipper of Makhleb the Destroyer
  4750 | D:5      | Gained mutation: Your demonic aura sometimes causes spilled
                  | blood to erupt in flames. [demonic ancestry]
  4750 | D:5      | Reached XP level 7. HP: 48/52 MP: 7/7
  4986 | D:5      | Reached skill level 1 in Invocations
  5426 | D:5      | Killed murtidash's ghost
  5624 | D:6      | Noticed Prince Ribbit
  5635 | D:6      | Killed Prince Ribbit
  5636 | D:6      | Reached skill level 4 in Fighting
  5636 | D:6      | Reached skill level 1 in Evocations
  5797 | D:6      | Found a staircase to the Ecumenical Temple.
  5907 | D:6      | Reached XP level 8. HP: 56/60 MP: 10/10
  5956 | D:6      | Found an opulent altar of Gozag.
  6036 | D:6      | Demolished by an ogre

Illustrated notes

Levels and vault maps discovered:
D:1:      onia_arrival_mini_spirals, layout_basic,
          hellmonk_ecumenical_altar_run_dry, st_stairs_10
D:2:      layout_rooms, basic_altar, uniq_crazy_yiuf_cottage, uniq_terence
D:3:      layout_rooms, mainiacjoe_overflow_alcove_2
D:4:      layout_loops_cross, uniq_ijyb
D:5:      layout_loops_ring, mainiacjoe_overflow_boulevard,
          ebering_ghost_reflecting_pool
D:6:      layout_basic, lemuel_crystal_altar,
          mainiacjoe_overflow_small_starburst,
          minmay_temple_entry_statues_pillars, uniq_prince_ribbit1

Skill      XL: |  1  2  3  4  5  6  7 |
---------------+----------------------+-----
Polearms       | 2 |  2.3
Shields        | 3 |  3.4
Dodging        | 1 2 3 |  3.5
Short Blades   | 1 |  1.5
Armour         | 3 |  3.4
Staves         | 1 2 3 |  3.7
Throwing       | 1 2 |  2.7
Invocations    | 3 |  3.2
Fighting       | 4 |  4.2
Evocations     | 1 |  1.5
Stealth        | |  0.9

Action                   |  1- 3 |  4- 6 |  7- 9 || total
-------------------------+-------+-------+-------++-------
Melee: Trident           |    26 |       |       ||    26
       Dagger            |   135 |    39 |       ||   174
       Quarterstaff      |       |   120 |    73 ||   193
Throw: Boomerang         |     3 |     1 |     2 ||     6
       Stone             |       |     6 |       ||     6
       Dart              |       |       |     3 ||     3
  Use: Potion            |       |       |     1 ||     1
 Stab: Paralysed         |       |     1 |       ||     1
Armor: Scale mail        |    42 |    35 |       ||    77
       Ring mail         |       |    29 |    31 ||    60
Dodge: Dodged            |    38 |    90 |    33 ||   161
Block: Buckler           |    24 |     3 |       ||    27

Table legend: (Time is in decaauts)
 A = Elapsed time spent in this place.
 B = Non-inter-level travel time spent in this place.
 C = Inter-level travel time spent in this place.
 D = Time resting spent in this place.
 E = Time spent auto-exploring this place.
 F = Levels seen in this place.
 G = Mean time per level.
                   A        B        C        D        E       F      G
               +--------+--------+--------+--------+--------+-----+--------+
         Total |   6023 |   5825 |    198 |      0 |   4933 |   6 | 1003.8 |
       Dungeon |   6023 |   5825 |    198 |      0 |   4933 |   6 | 1003.8 |
               +--------+--------+--------+--------+--------+-----+--------+

Top non-repeatable levels by time:
     D:1: 1414 daAuts
     D:2: 1145 daAuts
     D:5: 1025 daAuts
     D:3: 1021 daAuts
     D:4: 895 daAuts
     D:6: 521 daAuts
